Cogmind - Beta 11.1 *** ADVENTURER MODE // 2022.05.22 @ 18:35:09 Player: Jeans TV Result: Destroyed by Z-Imprinter with Zionite Laser-M Performance ------------- Evolutions (1) 500 Regions Visited (5) 1000 Robots Destroyed (78) 390 Value Destroyed (1067) 1067 Prototype IDs (6) 120 Alien Tech Used (0) 0 Bonus (654) 654 TOTAL SCORE: 3731 Bonus ------- High Alert Combat Kills 54 Met Imprinter 300 Was Imprinted 300 Cogmind --------- Core Integrity 0/400 Matter 285/300 Energy 49/100 System Corruption 0% Temperature Cool (79) Movement Rolling (145) Ox3 Location -7/Deep Caves Parts ------- > --- POWER (1) -------- (None) > --- PROPULSION (3) --- Compact Wheel > --- UTILITY (3) ------ High-capacity Storage Unit Light Armor Plating Mobile Refinery Mk. CCLXVII > --- WEAPON (2) ------- Hammer > --- INVENTORY (20) --- Cooling System High-capacity Storage Unit High-capacity Storage Unit High-capacity Storage Unit High-capacity Storage Unit Improved EM Shotgun Improved EM Shotgun RU-N14's Throwing Claymores (10) RU-N14's Throwing Claymores (10) RU-N14's Throwing Claymores (10) RU-N14's Throwing Claymores (8) CR-A16's Pointy Stick Peak State ------------ > --- POWER ------------ Light Ion Engine > --- PROPULSION ------- Wheel Wheel Compact Wheel > --- UTILITY ---------- High-capacity Storage Unit Mobile Refinery Mk. CCLXVII Hacking Drone Bay > --- WEAPON ----------- RU-N14's Throwing Claymores Hammer > --- INVENTORY -------- Light Ion Engine Cooling System High-capacity Storage Unit High-capacity Storage Unit High-capacity Storage Unit High-capacity Storage Unit Light Armor Plating Light Armor Plating Improved EM Shotgun Improved EM Shotgun Improved EM Shotgun Improved EM Shotgun Improved EM Shotgun Improved EM Shotgun Autogun RU-N14's Throwing Claymores RU-N14's Throwing Claymores RU-N14's Throwing Claymores CR-A16's Pointy Stick [Rating: 33] Favorites ----------- Power Light Ion Engine Engine Light Ion Engine Propulsion Wheel Treads Light Treads Wheel Wheel Hover Unit Hover Unit Flight Unit Improved Flight Unit Utility High-capacity Storage Unit Device Mobile Refinery Mk. CCLXVII Storage High-capacity Storage Unit Protection Light Armor Plating Weapon Improved EM Shotgun Energy Gun Improved EM Shotgun Ballistic Gun Light Assault Rifle Special Weapon RU-N14's Throwing Claymores Impact Weapon Hammer Piercing Weapon CR-A16's Pointy Stick Build | -11 -10 -9 -9 -7 -7 ------- Run | Scr Mat Mat Min Zio Dee Slots Evolved 2 | . . 2 . . . Power . | . . . . . . Propulsion 1 | . . 1 . . . Utility 1 | . . 1 . . . Weapon . | . . . . . . Parts Attached 53 | 6 1 31 . 8 7 Power 5 | 1 . 3 . . 1 Engine 5 | 1 . 3 . . 1 Core . | . . . . . . Reactor . | . . . . . . Propulsion 20 | 2 . 18 . . . Treads 2 | 2 . . . . . Leg . | . . . . . . Wheel 9 | . . 9 . . . Hover 1 | . . 1 . . . Flight 8 | . . 8 . . . Utility 13 | 1 1 6 . 4 1 Device 2 | . . . . 2 . Storage 7 | 1 1 4 . 1 . Processor . | . . . . . . Hackware . | . . . . . . Protection 4 | . . 2 . 1 1 Artifact . | . . . . . . Weapon 15 | 2 . 4 . 4 5 Energy Gun 8 | . . 4 . 1 3 Energy Cannon . | . . . . . . Ballistic Gun 3 | 2 . . . . 1 Ballistic Cannon . | . . . . . . Launcher . | . . . . . . Special Weapon 1 | . . . . 1 . Impact Weapon 2 | . . . . 1 1 Slashing Weapon . | . . . . . . Piercing Weapon 1 | . . . . 1 . Special Melee Weapon . | . . . . . . Unidentified Prototypes 4 | . . 1 . 3 . Parts Lost 11 | . . 1 . . 10 Power 2 | . . . . . 2 Propulsion 3 | . . 1 . . 2 Utility 1 | . . . . . 1 Weapon 5 | . . . . . 5 Highest Loss Streak 10 | . . 1 . . 10 To Critical Strikes . | . . . . . . Average Slot Usage (%) 97 | . 96 94 100 100 92 Engine 11 | . 14 11 11 11 10 Treads 5 | . 28 5 . . . Wheel 23 | . . 19 33 33 29 Flight 1 | . . 5 . . . Device 2 | . . . . 3 11 Storage 17 | . 25 26 11 11 11 Protection 10 | . . 4 22 18 10 Energy Gun 15 | . . 18 22 19 10 Ballistic Gun 5 | . 28 3 . . 9 Naked Turns . | . . . . . . Heaviest Build 131 | 11 16 131 55 59 57 Greatest Support 40 | 40 40 40 36 36 36 Greatest Overweight (x) 12 | . . 12 1 1 3 Average Overweight (x) 1 | . . 2 1 1 1 Largest Inventory Capacity 20 | 8 8 20 20 20 20 Average Capacity 17 | 7 8 19 20 20 20 Most Carried 20 | 4 8 20 12 19 18 Average Carried 13 | 2 6 12 12 16 17 Final Capacity 20 | 8 8 20 20 20 20 Final Carried 18 | 4 8 12 12 18 12 Class Distribution -------------------- 64% | Scavenger-Mutant 35% | Mutant Dominant Class ---------------- Mutant | -10/Materials Mutant | -9/Materials Scavenger-Mutant | -9/Mines Scavenger-Mutant | -7/Zion Scavenger-Mutant | -7/Deep Caves Resources | -11 -10 -9 -9 -7 -7 ----------- Run | Scr Mat Mat Min Zio Dee Matter Collected 911 | 338 138 334 . 40 61 Remotely . | . . . . . . Salvage Created 2890 | 169 580 2080 . . 61 Parts 182 | 14 26 135 . . 7 Haulers Intercepted 3 | . . 3 . . . Recyclers Shooed 5 | . 3 2 . . . Parts Field Recycled . | . . . . . . Retrieved Matter . | . . . . . . Parts Self-Destructed . | . . . . . . Prevented . | . . . . . . Kills | -11 -10 -9 -9 -7 -7 ------- Run | Scr Mat Mat Min Zio Dee Combat Hostiles Destroyed 26 | . 5 20 . . 1 Guns 25 | . 5 20 . . . AOE 1 | . . . . . 1 Classes Destroyed 11 | 3 3 4 . . 1 Worker 14 | 2 1 11 . . . Builder 11 | . . 11 . . . Tunneler 5 | 3 . 2 . . . Hauler 3 | . . 3 . . . Recycler 13 | 1 6 6 . . . Watcher 6 | . 1 5 . . . Swarmer 9 | . 3 6 . . . Grunt 12 | . 2 10 . . . Duelist 1 | . . 1 . . . Sentry 3 | . . 3 . . . Z-Light 1 | . . . . . 1 Best Kill Streak 16 | 4 10 16 . . 1 Combat Bots Only 4 | . 3 4 . . 1 Max Kills in Single Turn 2 | 1 1 2 . . 1 Gunslinging . | . . . . . . Exploded 1 | . . . . . 1 Melee . | . . . . . . Uniques/NPCs Destroyed . | . . . . . . Combat | -11 -10 -9 -9 -7 -7 -------- Run | Scr Mat Mat Min Zio Dee Damage Taken 1719 | . 69 389 . . 1261 Core 409 | . . 77 . . 332 Absorbed by Shields . | . . . . . . Core Remaining (%) 100 | 100 100 . . . . Volleys Fired 142 | 21 32 75 . 4 10 Largest 2 | 2 2 2 . 2 2 Hottest 90 | 40 40 90 . 90 90 Shots Fired 275 | 40 64 150 . 6 15 Gun 273 | 40 64 150 . 4 15 Cannon . | . . . . . . Launcher . | . . . . . . Special 2 | . . . . 2 . Kinetic 120 | 40 64 12 . . 4 Thermal . | . . . . . . Explosive 2 | . . . . 2 . Electromagnetic 153 | . . 138 . 4 11 Robot Hit Streak 37 | 14 13 37 . . 9 Robot Miss Streak 3 | 1 2 3 . . 1 Penetration Max . | . . . . . . Secondary Targets 3 | . 3 . . . . Max Gunslinging Chain 1 | . 1 . . . . Shots Hit Robots 211 | 31 51 114 . . 15 Core Hits 123 | 11 24 83 . . 5 Critical Kills 1 | . 1 . . . . Critical Parts Destroyed . | . . . . . . Critical Strikes 1 | . 1 . . . . Destroy 1 | . 1 . . . . Melee Attacks 45 | . . . . 44 1 Impact 33 | . . . . 32 1 Slashing . | . . . . . . Piercing 12 | . . . . 12 . Sneak Attacks . | . . . . . . Combat Hostiles . | . . . . . . Follow-up Attacks . | . . . . . . Damage Inflicted 3279 | 316 514 2218 . . 231 Guns 2830 | 316 514 1935 . . 65 Cannons . | . . . . . . Explosions 427 | . . 283 . . 144 Melee 22 | . . . . . 22 Ramming . | . . . . . . Kinetic 970 | 316 514 100 . . 40 Thermal 427 | . . 283 . . 144 Explosive . | . . . . . . Electromagnetic 1860 | . . 1835 . . 25 Impact 22 | . . . . . 22 Slashing . | . . . . . . Piercing . | . . . . . . Highest Corruption . | . . . . . . Average Corruption . | . . . . . . Corruption Purged . | . . . . . . Corruption Blocked . | . . . . . . Overload Shots . | . . . . . . Overflow Damage 29 | . . 29 . . . Projectiles . | . . . . . . Explosions 29 | . . 29 . . . Melee . | . . . . . . Knockbacks 1 | . . . . . 1 Impact 1 | . . . . . 1 Kinetic . | . . . . . . Secondary . | . . . . . . Self-Inflicted Damage 120 | . . 56 . . 64 Shots 3 | . . 2 . . 1 Rammed . | . . . . . . Targets Rammed . | . . . . . . Kicked . | . . . . . . Crushed . | . . . . . . Highest Temperature 190 | . 9 128 . 42 190 Average Temperature 45 | . 9 39 . 23 93 Received Heat Transfer 540 | . 18 108 . . 414 Siege Activations . | . . . . . . Robots Corrupted . | . . . . . . Combat Hostiles . | . . . . . . Parts Fried 8 | . . 8 . . . Impact Corruptions . | . . . . . . Robots Melted . | . . . . . . Combat Hostiles . | . . . . . . Parts Melted 2 | . . 1 . . 1 Heat Transferred 412 | . . 350 . . 62 Parts Sabotaged . | . . . . . . Parts Stolen . | . . . . . . Parts Stripped . | . . . . . . Power Chain Reactions 9 | . . 8 . . 1 Missiles Intercepted . | . . . . . . Alert | -11 -10 -9 -9 -7 -7 ------- Run | Scr Mat Mat Min Zio Dee Peak Influence 576 | 30 223 576 155 . . Initial 155 | . 16 9 155 . . Average 221 | 12 157 291 155 . . Maximum Alert Level 2 | . 1 2 . . . Low Security (%) 42 | 100 34 31 100 . . Level 1 37 | . 65 34 . . . Level 2 19 | . . 33 . . . Level 3 . | . . . . . . Level 4 . | . . . . . . Level 5 . | . . . . . . High Security . | . . . . . . Max Security . | . . . . . . Squads Dispatched 2 | . . 2 . . . Investigation . | . . . . . . Extermination . | . . . . . . Reinforcement 2 | . . 2 . . . Assault . | . . . . . . Garrison . | . . . . . . Intercept . | . . . . . . Searches Triggered . | . . . . . . Construction Impeded . | . . . . . . Haulers Reinforced . | . . . . . . Active Scanning Responses . | . . . . . . Cargo Convoy Interrupts . | . . . . . . Stealth | -11 -10 -9 -9 -7 -7 --------- Run | Scr Mat Mat Min Zio Dee Distress Signals 3 | . 1 2 . . . Communications Jammed . | . . . . . . Distress Signals . | . . . . . . Times Spotted 43 | . 7 33 . . 3 Peak Tracking Total 6 | . 4 6 . . 3 Tactical Retreats 1 | . 1 . . . . Traps | -11 -10 -9 -9 -7 -7 ------- Run | Scr Mat Mat Min Zio Dee Traps Triggered . | . . . . . . Indirectly . | . . . . . . Trap Hack Attempts . | . . . . . . Triggered . | . . . . . . Disarmed . | . . . . . . Reprogrammed . | . . . . . . Reused . | . . . . . . Traps Extracted . | . . . . . . Installed . | . . . . . . Triggered . | . . . . . . Machines | -11 -10 -9 -9 -7 -7 ---------- Run | Scr Mat Mat Min Zio Dee Machines Disabled 4 | . . 4 . . . Max in Single Turn 3 | . . 3 . . . Machines Sabotaged . | . . . . . . Garrisons Compromised . | . . . . . . Overloaded Fab Kills . | . . . . . . Hacking | -11 -10 -9 -9 -7 -7 --------- Run | Scr Mat Mat Min Zio Dee Machines Accessed 6 | . 3 3 . . . Terminals 6 | . 3 3 . . . Fabricators . | . . . . . . Repair Stations . | . . . . . . Recycling Units . | . . . . . . Scanalyzers . | . . . . . . Garrison Access . | . . . . . . Total Hacks 10 | . 4 6 . . . Successful 8 | . 3 5 . . . Failed 2 | . 1 1 . . . Catastrophic . | . . . . . . Database Lockouts . | . . . . . . Manual 2 | . . . . 2 . Terminals 10 | . 4 6 . . . Fabricators . | . . . . . . Repair Stations . | . . . . . . Recycling Units . | . . . . . . Scanalyzers . | . . . . . . Garrison Access . | . . . . . . Terminal Hacks 8 | . 3 5 . . . Record 4 | . 1 3 . . . Prototype ID Bank 1 | . 1 . . . . Branch Access Points 1 | . . 1 . . . Alert Level 1 | . . 1 . . . Dispatch Records 1 | . 1 . . . . Fabricator Hacks . | . . . . . . Repair Station Hacks . | . . . . . . Recycling Unit Hacks . | . . . . . . Scanalyzer . | . . . . . . Garrison Access Hacks . | . . . . . . Unauthorized Hacks . | . . . . . . Terminals . | . . . . . . Fabricators . | . . . . . . Repair Stations . | . . . . . . Recycling Units . | . . . . . . Scanalyzers . | . . . . . . Garrison Access . | . . . . . . Data Cores Recovered . | . . . . . . Used . | . . . . . . Hacking Detections 2 | . 1 1 . . . Full Trace Events . | . . . . . . Feedback Events . | . . . . . . Feedback Blocked . | . . . . . . Robot Schematics Acquired . | . . . . . . Robots Built . | . . . . . . Authchips . | . . . . . . Time . | . . . . . . Total Robot Build Rating . | . . . . . . Part Schematics Acquired . | . . . . . . Parts Built . | . . . . . . Authchips . | . . . . . . Time . | . . . . . . Total Part Build Rating . | . . . . . . Parts Repaired . | . . . . . . Time . | . . . . . . Parts Recycled . | . . . . . . Recycled Matter . | . . . . . . Retrieved Matter . | . . . . . . Retrieved Components . | . . . . . . Parts Scanalyzed . | . . . . . . Part Schematics Acquired . | . . . . . . Parts Damaged . | . . . . . . Bothacking | -11 -10 -9 -9 -7 -7 ------------ Run | Scr Mat Mat Min Zio Dee Used RIF Installer . | . . . . . . Robots Hacked . | . . . . . . Non-combat . | . . . . . . Combat . | . . . . . . Robot Hacks Applied . | . . . . . . Relay Couplers Released . | . . . . . . Fabnet Peak Effective % . | . . . . . . Robots Rewired . | . . . . . . Allies Hacked . | . . . . . . Hacks Repelled . | . . . . . . Allies | -11 -10 -9 -9 -7 -7 -------- Run | Scr Mat Mat Min Zio Dee Total Allies 4 | . . . . 4 . Largest Group 4 | . . . . 4 . Highest-Rated Group 152 | . . . . 152 . Highest-Rated Ally 39 | . . . . 39 . Total Orders . | . . . . . . Ally Attacks . | . . . . . . Total Damage . | . . . . . . Kills . | . . . . . . Allies Corrupted . | . . . . . . Allies Melted . | . . . . . . Intel | -11 -10 -9 -9 -7 -7 ------- Run | Scr Mat Mat Min Zio Dee Robot Analysis Total . | . . . . . . Derelict Logs Recovered 1 | . . . . 1 . Drone Launches 1 | . . . . 1 . Drone Recoveries . | . . . . . . Exploration | -11 -10 -9 -9 -7 -7 ------------- Run | Scr Mat Mat Min Zio Dee Turns Passed 3130 | 154 427 927 84 1313 225 Spaces Moved 2006 | 54 207 345 84 1133 183 Core 7 | 7 . . . . . Treads 289 | 47 207 35 . . . Legs . | . . . . . . Wheels 1692 | . . 292 84 1133 183 Hover . | . . . . . . Flight 18 | . . 18 . . . Fastest Speed 50 | 50 160 101 101 101 101 Average Speed 118 | 145 160 160 101 101 102 Slowest Speed 594 | 160 160 594 101 101 145 Overloaded Moves . | . . . . . . Propulsion Burnouts . | . . . . . . Robots Hopped . | . . . . . . Cave-ins Triggered . | . . . . . . Exploration Rate (%) 36 | 5 35 35 31 87 28 Regions Visited 5 Branch Regions 3 Pre-discovered Areas 2 | . . . . 2 . Known Exits Taken 2 | . . 1 . 1 . Unknown Exits Taken 3 | 1 1 . 1 . . Scrap Searched . | . . . . . . Spaces Dug 30 | . . . . 30 . Terrain Destroyed 47 | . . 17 . 30 . Melee . | . . . . . . Projectile 1 | . . . . 1 . AOE 46 | . . 17 . 29 . Terrain Rammed . | . . . . . . Walls Destroyed . | . . . . . . Machines Disabled . | . . . . . . Actions | -11 -10 -9 -9 -7 -7 --------- Run | Scr Mat Mat Min Zio Dee Total 2431 | 94 246 578 83 1225 205 Wait 97 | 4 . 51 . 38 4 Move 2001 | 53 206 344 83 1132 183 Hop . | . . . . . . Pick Up 62 | 10 6 39 . 7 . Fast Attach 1 | . . 1 . . . Attach 21 | 6 1 8 . . 6 Detach 2 | . . 2 . . . Swap 31 | . . 22 . 8 1 Drop 38 | . 1 36 . 1 . Fire 142 | 21 32 75 . 4 10 Melee 36 | . . . . 35 1 Ram . | . . . . . . Kick . | . . . . . . Crush . | . . . . . . Escape Stasis . | . . . . . . Rewire . | . . . . . . Trap . | . . . . . . Miscellaneous . | . . . . . . Route ------- -11/Scrapyard -10/Materials -9/Materials (discovered 2 exits: *Min x2) -9/Mines -7/Zion -7/Deep Caves History --------- Turn | Location | Event 9 | -11/Scrapyard | Discovered new exit (range 15) 155 | -11/Scrapyard | Entered Materials 304 | -10/Materials | Build established: Mutant 547 | -10/Materials | Discovered new exit (range 12) 582 | -10/Materials | Entered another Materials area 582 | -9/Materials | Evolved 2 slots: Propulsion x1, Utility x1 1430 | -9/Materials | Identified exit to Mines 1509 | -9/Materials | Entered Mines 1533 | -9/Mines | Build established: Scavenger-Mutant 1581 | -9/Mines | A Derelict revealed a hidden shortcut to a safe place 1593 | -9/Mines | Entered Zion 1709 | -7/Zion | Learned location of Quarantine (-2) 1849 | -7/Zion | Learned location of Recycling (-7) 1868 | -7/Zion | Found Prototype Special Weapon 1870 | -7/Zion | Found Prototype Special Weapon 1872 | -7/Zion | Found Prototype Special Weapon 1874 | -7/Zion | Found Prototype Special Weapon 1905 | -7/Zion | Identified exit to Deep Caves 1961 | -7/Zion | Given the Hacking Drone Bay 1961 | -7/Zion | Found Prototype Device 2384 | -7/Zion | Found Prototype Device 2419 | -7/Zion | Found CR-A16's Pointy Stick 2582 | -7/Zion | Imprinted 2584 | -7/Zion | Declared Zion's savior 2688 | -7/Zion | Identified Mobile Refinery Mk. CCLXVII 2690 | -7/Zion | Identified Hacking Drone Bay 2856 | -7/Zion | Identified RU-N14's Throwing Claymores (x4) 2906 | -7/Zion | Entered Deep Caves 2906 | -7/Deep Caves | Accompanied by 4 allies 3085 | -7/Deep Caves | Attacked by Z-Imprinter 3098 | -7/Deep Caves | Z-Facility disabled 3117 | -7/Deep Caves | Core integrity fell below 50% 3123 | -7/Deep Caves | Core integrity fell below 20% 3131 | -7/Deep Caves | Destroyed by Z-Imprinter with Zionite Laser-M Last Messages --------------- 03071_ NEW_ZION: Z-Facility proximity alert. 03085_ Wheel destroyed. Z-Imprinter: GET AWAY FROM HERE! I've worked too hard for our future just to have you ruin everything! 03098_ Z-Facility disabled. 03101_ Imp. EM Shotgun destroyed. 03101_ Autogun destroyed. 03105_ Lgt. Armor Plating destroyed. 03108_ Imp. EM Shotgun destroyed. 03108_ Wheel destroyed. 03111_ Imp. EM Shotgun destroyed. 03112_ Lgt. Ion Engine destroyed. 03114_ Z-Imprinter knocked back. 03124_ Chain reaction triggered in Prototype Reactor. 03124_ Prototype Storage melted. 03124_ IQ-WHA(z) destroyed. 03125_ Lgt. Ion Engine destroyed. 03129_ Imp. EM Shotgun destroyed. 03130_ Acquired 61 matter. [Achievement: Achiever] Map ----- +----------------------------------------------------+ | | | | | | | | | | | | | | | | | | | | | | | | | | | | | | | ?????????????????????????????????????????????????? | | ????????????????????????###############??????????? | | ?????????????????????#### ##?????????? | | ????????????????????## #????###??? | | ????????????????#??## ###### ##?? | | ??????????? #???# ## ## # #?? | | ??????????? ## ### | | ?????????? | | ?????????? | | ????????? !I z | | ????????? @ | | ????????? ! """"" | | ????????? " """"" | | ????????? "" """"""" | | ??????????? """""""""""""" | | ???????????? """"""""""" | | ????????????? """""""""""""" | | ????????????? """""""""""""" | | ?????????????? ? ??"""""???""""" | | ?????????????????? ?????????????""" | | ???????????????????????????????? " | | ???????????????????????????????? | | ??????????????????????????????? | | ??????????????????????????????" | | ??????????????????????????????" | | ???????????????????????????????"" | | ?????????????????????????????????"" | | ??????????????????????????????????? | | ?????????????????????????????????????? | | ???????????????????????????????????????? | | ?????????????????????????????????????????????????? | | ?????????????????????????????????????????????????? | | ?????????????????????????????????????????????????? | | ?????????????????????????????????????????????????? | | ?????????????????????????????????????????????????? | +----------------------------------------------------+ Best States ------------- Heat Dissipation 28 Energy Generation 10 Energy Capacity 250 Matter Stores 300 Matter Capacity 300 Sight Range 16 Terrain Scan Density 10 Armor Coverage 300 Resistance: KI 20 Resistance: TH 20 Resistance: EX 20 Resistance: EM 20 Resistance: I 20 Resistance: S 20 Resistance: P 20 Evasion (%) 50 Recoil Reduction 2 Offensive Hacking 10 Item Schematics ----------------- None Robot Schematics ------------------ None Fabricated ------------ Nothing Alien Tech Used ----------------- None Achievements -------------- Achiever Challenges ------------ None Game ------ Seed SuspensionTiamatStorage Manual? 0 Play Time 00:43:58 Cumulative 16.4 hours Start 2022.05.22 @ 17:52:02 End 2022.05.22 @ 18:35:09 Sessions 1 Manual Loads 0 Difficulty Adventurer Special Mode None Game No. 9 Rogue 0 Adventurer 9 Explorer 0 Win Type - Total 1 Types 0/0/0/1/0/0/0/0/0 Lore% 12 Gallery% 18 Achievement% 25 Wizard Run 0 Options --------- ASCII 0 Keyboard 0 Movement Mouse Keybinds 0 Fullscreen 2 Font 24/Smallcaps Map View 76x50 Tactical HUD 1 Map Filters NONE Filters NONE Steam 1 RUN: 1f72ab63-fbce-4b3b-a363-d02519a2dcad